Map: Blackpink LE

Players

Neeblet (Neeb) - Winner!

  • Race: Protoss Protoss
  • League: Master
  • Spawn Location: 1:00

Guru

  • Race: Zerg Zerg
  • League: Grandmaster
  • Spawn Location: 7:00

Event: HomeStory Cup XVI

VOD

Have the link to the VOD?

Description

Time

  • Played on: Nov. 9, 2017, 7:32 a.m.
  • Length: 10:05

All games in this series

Show
View Real Time Build Order
Export as new Build Order

Neeblet Protoss - Winner!

Build Orders: 1 Gate Expand, Oracle Opening 

Get SALT Encoding   

  12  0:02  Probe (Chrono Boost)  
  14  0:14  Probe (Chrono Boost)  
  14  0:19  Pylon  
  14  0:26  Probe (Chrono Boost)  
  15  0:33  Probe (Chrono Boost)  
  15  0:40  Gateway  
  15  0:41  Probe (Chrono Boost)  
  16  0:47  Assimilator  
  17  0:53  Probe (Chrono Boost)  
  19  1:05  Probe (Chrono Boost)  
  19  1:17  Probe (Chrono Boost)  
  20  1:25  Nexus  
  20  1:33  Cybernetics Core  
  20  1:39  Probe (Chrono Boost)  
  21  1:42  Assimilator  
  21  1:51  Probe (Chrono Boost)  
  21  1:52  Pylon  
  22  2:02  Probe (Chrono Boost)  
  22  2:08  Probe (Chrono Boost)  
  23  2:09  Warp Gate  
  23  2:10  Adept  
  26  2:15  Probe (Chrono Boost)  
  26  2:21  Probe (Chrono Boost)  
  28  2:31  Probe (Chrono Boost), Stargate  
  28  2:34  Probe (Chrono Boost)  
  29  2:37  Adept  
  29  2:41  Probe (Chrono Boost)  
  29  2:43  Probe (Chrono Boost)  
  34  2:53  Probe (Chrono Boost)  
  34  2:55  Probe (Chrono Boost)  
  36  3:04  Adept  
  36  3:05  Oracle, Probe (Chrono Boost)  
  39  3:07  Probe (Chrono Boost)  
  40  3:17  Probe (Chrono Boost)  
  45  3:20  Probe (Chrono Boost)  
  45  3:22  Pylon  
  45  3:29  Probe (Chrono Boost)  
  45  3:30  Gateway  
  45  3:31  Gateway  
  48  3:42  Probe x2 (Chrono Boost)  
  48  3:43  Oracle  
  51  3:53  Nexus  
  51  3:54  Probe (Chrono Boost)  
  52  3:56  Pylon  
  52  3:59  Probe (Chrono Boost)  
  53  4:06  Probe (Chrono Boost)  
  54  4:11  Assimilator  
  54  4:12  Assimilator  
  54  4:16  Shield Battery, Probe (Chrono Boost)  
  55  4:19  Probe (Chrono Boost)  
  56  4:28  Phoenix, Probe (Chrono Boost)  
  56  4:31  Probe (Chrono Boost)  
  60  4:37  Adept  
  62  4:41  Pylon  
  62  4:44  Robotics Facility  
  62  4:48  Pylon  
  62  4:56  Probe x2 (Chrono Boost)  
  62  4:58  Forge  
  64  5:00  Twilight Council  
  64  5:03  Probe x2 (Chrono Boost)  
  66  5:12  Probe (Chrono Boost), Sentry x3  
  75  5:15  Probe x2 (Chrono Boost), Pylon  
  75  5:18  Pylon  
  75  5:20  Pylon  
  75  5:21  Immortal  
  75  5:24  Probe (Chrono Boost)  
  75  5:25  Protoss Ground Weapons Level 1  
  75  5:27  Probe x2 (Chrono Boost)  
  83  5:36  Probe (Chrono Boost)  
  83  5:39  Adept, Probe x2 (Chrono Boost)  
  83  5:40  Adept  
  89  5:47  Sentry  
  89  5:49  Probe (Chrono Boost)  
  90  5:51  Assimilator, Probe x2 (Chrono Boost)  
  90  5:54  Assimilator  
  90  5:56  Blink  
  89  5:57  Observer  
  89  6:01  Probe (Chrono Boost)  
  89  6:02  Pylon  
  89  6:03  Probe x2 (Chrono Boost)  
  93  6:10  Gateway  
  93  6:12  Gateway  
  93  6:16  Gateway  
  93  6:17  Immortal  
  93  6:18  Robotics Bay  
  93  6:21  Probe x2 (Chrono Boost)  
  93  6:22  Probe (Chrono Boost)  
  100  6:33  Gateway  
  100  6:35  Gateway  
  100  6:36  Gateway  
  100  6:44  Forge  
  100  6:45  Colossus, Pylon  
  100  6:46  Extended Thermal Lance  
  102  6:48  Probe x2 (Chrono Boost)  
  102  6:49  Shield Battery  
  102  6:57  Stalker x3  
  108  7:03  Pylon  
  108  7:05  Pylon  
  114  7:12  Pylon  
  114  7:16  Protoss Ground Weapons Level 2  
  114  7:21  Sentry  
  114  7:22  Stalker x4  
  124  7:29  Shield Battery  
  124  7:32  Shield Battery  
  124  7:33  Nexus  
  124  7:37  Protoss Ground Armor Level 1  
  124  7:39  Colossus  
  130  7:50  Pylon  
  133  7:52  Probe x3 (Chrono Boost)  
  133  8:03  Robotics Facility  
  133  8:04  Probe (Chrono Boost)  
  134  8:15  Stalker x8  
  150  8:26  Shield Battery  
  150  8:27  Shield Battery  
  150  8:30  Assimilator  
  150  8:34  Stalker, Assimilator, Colossus  
  150  8:39  Pylon  
  152  8:41  Pylon  
  152  8:50  Colossus  
  152  8:52  Stalker x5  
  158  9:05  Probe (Chrono Boost)  
  158  9:06  Probe (Chrono Boost)  
  160  9:13  Probe (Chrono Boost)  
  160  9:15  Stalker x3, Pylon  
  165  9:47  Stalker x7  
  165  9:51  Gateway  
  167  9:55  Gateway  
  167  9:58  Gateway  
Show
View Real Time Build Order
Export as new Build Order

Guru Zerg 

Build Orders: Hatch First 

Get SALT Encoding   

  12  0:01  Drone  
  13  0:12  Overlord  
  13  0:17  Drone  
  14  0:31  Drone x2  
  14  0:35  Drone  
  17  0:53  Hatchery  
  17  0:54  Drone  
  17  0:58  Drone  
  18  1:07  Extractor  
  17  1:12  Spawning Pool  
  17  1:15  Drone  
  17  1:19  Drone  
  18  1:28  Drone  
  19  1:39  Drone  
  20  1:58  Queen  
  22  2:05  Hatchery  
  21  2:09  Queen  
  21  2:13  Drone  
  24  2:19  Drone x2  
  26  2:23  Drone  
  26  2:25  Drone  
  28  2:32  Metabolic Boost  
  28  2:37  Overlord  
  28  2:47  Overlord  
  28  2:55  Zergling x4  
  28  2:56  Zergling x2  
  28  2:57  Drone x2  
  33  3:01  Queen  
  35  3:08  Drone  
  35  3:09  Drone x2  
  35  3:12  Drone x2  
  40  3:18  Drone x3  
  42  3:23  Drone x2  
  44  3:31  Spore Crawler  
  43  3:35  Drone x2  
  43  3:36  Spore Crawler  
  43  3:39  Spore Crawler  
  43  3:43  Zergling x2  
  43  3:44  Zergling x6  
  43  3:47  Zergling x4  
  49  3:51  Zergling x2  
  49  3:53  Overlord  
  50  3:57  Lair  
  50  4:09  Overlord  
  50  4:12  Drone  
  50  4:13  Drone x6  
  57  4:19  Roach Warren  
  57  4:23  Drone x2  
  56  4:25  Drone  
  56  4:26  Drone x3  
  56  4:30  Overlord  
  55  4:40  Drone x3  
  55  4:42  Overlord  
  57  4:48  Queen, Zergling x6  
  62  4:53  Extractor  
  62  4:55  Extractor, Zergling x2  
  62  4:56  Zergling x12  
  67  5:03  Drone  
  65  5:13  Drone x3  
  68  5:15  Drone x3  
  68  5:20  Drone x2  
  73  5:22  Evolution Chamber, Drone x2, Hydralisk Den  
  73  5:23  Drone  
  73  5:26  Overlord  
  73  5:29  Overlord  
  73  5:31  Extractor  
  73  5:33  Overlord  
  73  5:34  Drone x2  
  73  5:44  Drone x2  
  73  5:49  Drone  
  71  5:50  Drone  
  71  5:53  Drone  
  71  5:54  Drone  
  72  5:57  Zerg Missile Weapons Level 1, Muscular Augments  
  72  5:58  Drone x4  
  72  6:00  Drone x2  
  72  6:01  Drone x4  
  82  6:04  Extractor  
  82  6:05  Extractor  
  82  6:06  Overlord  
  82  6:10  Glial Reconstitution  
  80  6:12  Overlord  
  80  6:15  Roach x2  
  80  6:17  Roach  
  80  6:18  Roach x3  
  92  6:25  Hydralisk x3  
  92  6:32  Hydralisk  
  96  6:35  Overlord  
  98  6:40  Hydralisk x3  
  98  6:43  Hatchery  
  98  6:44  Hydralisk  
  98  6:46  Hydralisk  
  107  6:48  Hydralisk  
  106  6:58  Drone  
  106  6:59  Hydralisk x2  
  106  7:00  Hydralisk  
  112  7:03  Overlord  
  112  7:07  Drone  
  112  7:08  Drone x3  
  116  7:10  Drone  
  117  7:19  Hydralisk x2  
  121  7:26  Hatchery  
  121  7:28  Overseer  
  121  7:29  Drone  
  121  7:31  Drone  
  121  7:33  Hydralisk x3  
  121  7:34  Overlord  
  121  7:36  Overlord  
  128  7:39  Overlord  
  128  7:43  Overlord  
  128  7:45  Hydralisk  
  128  7:48  Overlord  
  130  7:54  Hydralisk  
  130  7:55  Hydralisk x2  
  130  7:56  Hydralisk x2  
  130  7:57  Hydralisk x2  
  144  8:02  Roach x2  
  144  8:04  Roach  
  144  8:05  Roach x2  
  154  8:07  Drone  
  154  8:08  Roach  
  157  8:13  Roach x2  
  157  8:14  Roach  
  157  8:16  Roach x3  
  169  8:20  Roach  
  169  8:26  Roach  
  169  8:27  Roach  
  175  8:30  Roach  
  175  8:38  Roach x2  
  175  8:39  Roach  
  175  8:40  Roach  
  181  8:47  Roach x5  
  167  8:51  Roach x3  
  167  8:53  Roach x3  
  167  8:54  Roach x3  
  145  9:00  Roach x2  
  145  9:03  Roach x2  
  145  9:04  Roach x2  
  145  9:07  Roach  
  151  9:10  Roach x3  
  151  9:11  Roach x3  
  151  9:12  Roach  
  163  9:20  Roach x2  
  163  9:22  Roach x3  
  172  9:30  Overlord  
  168  9:34  Overlord x2  
  168  9:36  Overlord x2  
  154  9:44  Overlord  
Tags
 
Add a new tag
Caveats
  • Supply blocks, unpowered buildings, or Contaminate may cause inaccurate times.
  • Supply counts are checked every 10 seconds.